 Dungeon Crawl Stone Soup version 0.26-a0-964-g69f9a3b9e2 (webtiles) character file.

Game seed: 14004131986733081183

163 streetpizza the Insei (level 5, -3/35 HPs)
             Began as an Octopode Transmuter on Dec 2, 2020.
             Was an Initiate of Cheibriados.
             Slain by an elf skeleton (5 damage)
             ... on level 4 of the Dungeon.
             The game lasted 00:08:25 (2785 turns).

streetpizza the Insei (Octopode Transmuter)         Turns: 2785, Time: 00:08:26

Health: -3/35      AC:  1    Str: 10    XL:     5   Next: 44%
Magic:  8/8        EV: 14    Int: 18    God:    Cheibriados [......]
Gold:   207        SH:  0    Dex: 13    Spells: 7/8 levels left

rFire    . . .     SeeInvis .   q - +2 whip of Qaschy {elec, rN+} (curse)
rCold    . . .     Faith    .   (no shield)
rNeg     + . .     Spirit   .   (helmet restricted)
rPois    .         Reflect  .   i - amulet of inaccuracy (curse)
rElec    .         Harm     .   (no ring)
rCorr    .         Rampage  .   (no ring)
MR       .....                  (no ring)
Stlth    ++........             (no ring)
HPRegen  0.11/turn              (no ring)
MPRegen  0.11/turn              (no ring)
                                (no ring)
                                (no ring)

@: very slow
A: almost no armour, stealthy swim, amphibious, 8 rings, constrict 8, camouflage
1, wild magic 1, gelatinous body 1, MP-powered wands
a: Bend Time, Renounce Religion


You were on level 4 of the Dungeon.
You worshipped Cheibriados.
Cheibriados was noncommittal.
You visited 1 branch of the dungeon, and saw 4 of its levels.

You collected 207 gold pieces.

Inventory:

Hand Weapons
 q - the cursed +2 whip of Qaschy (weapon) {elec, rN+}
   (You found it on level 4 of the Dungeon)

   Occasionally, upon striking a foe, it will discharge some electrical energy
   and cause terrible harm.
   It protects you from negative energy.
   It has a curse placed upon it.
Missiles
 p - 12 poisoned darts
Jewellery
 i - a cursed amulet of inaccuracy (around mantle)
 o - an uncursed amulet of the acrobat {unknown}
Scrolls
 a - 2 scrolls of teleportation {unknown}
 b - 2 scrolls of enchant weapon {unknown}
 c - 3 scrolls of remove curse {unknown}
 d - 7 scrolls of identify {unknown}
 h - 2 scrolls of fear {unknown}
 j - a scroll of noise {unknown}
 k - a scroll of magic mapping {unknown}
Potions
 e - a potion of degeneration {unknown}
 f - a potion of attraction {unknown}
 g - a potion of lignification {unknown}
 l - a potion of heal wounds {unknown}
 m - a potion of curing
 n - a potion of mutation


   Skills:
 + Level 2.5 Fighting
 + Level 3.2 Dodging
 + Level 3.9 Unarmed Combat
 - Level 2.0 Spellcasting
 + Level 3.2 Transmutations


You had 7 spell levels left.
You knew the following spells:

 Your Spells              Type           Power        Failure   Level
a - Beastly Appendage     Tmut           ###...       8%          1

Your spell library contained the following spells:

 Spells                   Type           Power        Failure   Level
 Wereblood                Tmut           ###.....     12%         2
 Spider Form              Tmut/Pois      #.........   36%         3
 Ice Form                 Ice/Tmut       #.......     75%         4
 Blade Hands              Tmut           ###.......   86%         5


Dungeon Overview and Level Annotations

Branches:
Dungeon (4/15)
 Temple: D:4-7

Altars:
Cheibriados
Nemelex Xobeh
Sif Muna
Trog
Yredelemnul


Innate Abilities, Weirdness & Mutations

You cannot wear most types of armour.
You are very stealthy in the water. (Stealth+)
You are amphibious.
You can wear up to eight rings at the same time.
You can use your tentacles to constrict eight enemies at once.
Your skin changes colour to match your surroundings (Stealth+).
Your rubbery body absorbs attacks. (AC +1, EV +1)
Your spells are a little harder to cast, but a little more powerful.
You expend magic power (3 MP) to strengthen your wands.


Message History

You whack the elf skeleton!
The elf skeleton is lightly damaged.
You constrict the elf skeleton. The elf skeleton hits you.
* * * LOW HITPOINT WARNING * * *
You closely miss the elf skeleton.
The elf skeleton is moderately damaged.
You constrict the elf skeleton. The elf skeleton hits you.
* * * LOW HITPOINT WARNING * * *
Unknown command.
You hit the elf skeleton.
The elf skeleton is moderately damaged.
You constrict the elf skeleton. The elf skeleton hits you.
* * * LOW HITPOINT WARNING * * *
You release your grip on the elf skeleton.
Items here: ( )))) [ †.
Things that are here:
a cursed -1 dagger; a +0 robe
Okay, then.
The elf skeleton hits you.
You die...

#...'....# #.# #####...##
#.# #..(## #.#
#######..(# #.#
..........# #.#
#######...#####.#########
##)###..........(.. #Z#
#.##.######### #@# #.##.#
#.# #.##.# #.# #.##.# #.#
#.##.# #.###.##.###
#..........# ######.###.#
#.# #.# #.###.#


You could see an elf skeleton.

Vanquished Creatures
  An orc priest (D:4)
  An orc wizard (D:4)
  4 adders
  An adder skeleton (D:3)
  3 dart slugs
  3 leopard geckos
  3 orcs (D:4)
  2 giant cockroaches
  11 goblins
  4 hobgoblins
  6 jackals (D:2)
  2 quokkas (D:2)
  2 ball pythons (D:2)
  7 bats
  3 frilled lizards (D:3)
  2 kobolds
  3 rats
58 creatures vanquished.

Vanquished Creatures (others)
  23 plants (D:2)
23 creatures vanquished.

Grand Total: 81 creatures vanquished

Notes
Turn   | Place    | Note
-------+----------+-------------------------------------------
     0 | D:1      | streetpizza the Octopode Transmuter began the quest for the
                  | Orb.
     0 | D:1      | Reached XP level 1. HP: 13/13 MP: 3/3
   125 | D:1      | Reached XP level 2. HP: 11/18 MP: 5/5
   715 | D:2      | Reached XP level 3. HP: 23/23 MP: 6/6
   987 | D:2      | Reached XP level 4. HP: 2/29 MP: 5/7
   987 | D:2      | Gained mutation: You expend magic power (3 MP) to
                  | strengthen your wands. [potion of mutation]
   987 | D:2      | Gained mutation: Your spells are a little harder to cast,
                  | but a little more powerful. [potion of mutation]
   987 | D:2      | HP: 1/29 [poisoned by an adder]
  1366 | D:2      | Found a basalt altar of Yredelemnul.
  1368 | D:2      | Found a sparkling altar of Nemelex Xobeh.
  1402 | D:2      | Found a shimmering blue altar of Sif Muna.
  1404 | D:2      | Found a bloodstained altar of Trog.
  1975 | D:3      | Found a snail-covered altar of Cheibriados.
  1982 | D:3      | Became a worshipper of Cheibriados the Contemplative
  2707 | D:4      | Got a crystal whip
  2708 | D:4      | Identified the cursed +2 whip of Qaschy {elec, rN+} (You
                  | found it on level 4 of the Dungeon)
  2759 | D:4      | Reached XP level 5. HP: 15/35 MP: 8/8
  2777 | D:4      | HP: 1/35 [elf skeleton (4)]
  2785 | D:4      | Slain by an elf skeleton

Illustrated notes

Levels and vault maps discovered:
D:1:      minmay_arrival_widening_spiral_narrow, layout_rooms,
          hangedman_feature_mirror
D:2:      layout_rooms, nicolae_overflow_hidden_temple, serial_forest,
          infiniplex_forest_clump_diagonal, infiniplex_forest_straight_1,
          infiniplex_forest_clump_diagonal, infiniplex_forest_end_2,
          infiniplex_forest_end_2, infiniplex_forest_join,
          infiniplex_forest_clump_long, infiniplex_forest_3_way,
          minmay_misc_feat_nine_boxes, serial_bayou_crossing
D:3:      layout_basic, nicolae_overflow_crystal_walls,
          kennysheep_generic_room_2
D:4:      layout_loops_ring, general_overflow_altar,
          nicolae_ossuary_entry_catacombs

Skill      XL: |  1  2  3  4 |
---------------+-------------+-----
Fighting       | 2 |  2.5
Dodging        | 3 |  3.2
Transmutations | 3 |  3.2
Unarmed Combat | |  3.9
Spellcasting   | |  2.0

Action                   |  1- 3 |  4- 6 || total
-------------------------+-------+-------++-------
Melee: Unarmed           |   127 |    56 ||   183
       Constrict         |    20 |    19 ||    39
       Tentacles         |    28 |     8 ||    36
       Punch             |     4 |     1 ||     5
       Kick              |     4 |     2 ||     6
       Whip              |       |    14 ||    14
 Cast: Beastly Appendage |     3 |     3 ||     6
  Use: Potion            |       |     2 ||     2
 Stab: Sleeping          |     3 |     3 ||     6
       Distracted        |     1 |       ||     1
Armor: Skin              |     6 |     6 ||    12
Dodge: Dodged            |    52 |    43 ||    95

Table legend: (Time is in decaauts)
 A = Elapsed time spent in this place.
 B = Non-inter-level travel time spent in this place.
 C = Inter-level travel time spent in this place.
 D = Time resting spent in this place.
 E = Time spent auto-exploring this place.
 F = Levels seen in this place.
 G = Mean time per level.
                   A        B        C        D        E       F      G
               +--------+--------+--------+--------+--------+-----+--------+
         Total |   2950 |   2827 |    123 |      0 |   2236 |   4 |  737.5 |
       Dungeon |   2950 |   2827 |    123 |      0 |   2236 |   4 |  737.5 |
               +--------+--------+--------+--------+--------+-----+--------+

Top non-repeatable levels by time:
     D:2: 1252 daAuts
     D:3: 747 daAuts
     D:1: 699 daAuts
     D:4: 250 daAuts
